 Dungeon Crawl Stone Soup version 0.30.1-9-gdf580d7c3d (webtiles) character file.

Game seed: 1620275332666434749

105 leafyfresh the Covert (level 4, -1/41 HPs)
             Began as a Gnoll Delver on Oct 11, 2023.
             Slain by a scorpion (4 damage)
             ... on level 4 of the Dungeon.
             The game lasted 00:01:32 (318 turns).

leafyfresh the Covert (Gnoll Delver)                 Turns: 318, Time: 00:01:33

Health: -1/41      AC:  3    Str: 12    XL:     4   Next: 81%
Magic:  5/5        EV: 13    Int: 11    God:
Gold:   18         SH:  0    Dex: 13    Spells: 5/5 levels left

rFire   . . .        a - +0 short sword
rCold   . . .        (no shield)
rNeg    . . .        b - +0 leather armour
rPois   .            (no helmet)
rElec   .            (no cloak)
rCorr   .            (no gloves)
SInv    .            (no boots)
Will    .....        (no amulet)
Stlth   ++++         (no ring)
HPRegen 0.26/turn    (no ring)
MPRegen 0.09/turn

%: no passive effects
@: lethally poisoned (-1 -> -10)
A: fangs 1, strong nose, distributed training
a: no special abilities


You were on level 4 of the Dungeon.
You visited 1 branch of the dungeon, and saw 2 of its levels.

You collected 18 gold pieces.

Inventory:

Hand Weapons
 a - a +0 short sword (weapon)
Armour
 b - a +0 leather armour (worn)
Wands
 g - a wand of digging (3)
Scrolls
 c - a scroll of fog
 d - a scroll of magic mapping
Potions
 f - a potion of haste


   Skills:
 + Level 6.6 Fighting
 + Level 4.7 Short Blades
 + Level 1.3 Long Blades
 + Level 1.3 Axes
 + Level 1.3 Maces & Flails
 + Level 1.3 Polearms
 + Level 1.3 Staves
 + Level 1.3 Ranged Weapons
 + Level 1.3 Throwing
 + Level 1.3 Armour
 + Level 4.7 Dodging
 + Level 9.6 Stealth
 + Level 1.3 Shields
 + Level 1.3 Unarmed Combat
 + Level 1.3 Spellcasting
 + Level 1.0 Conjurations
 + Level 1.0 Hexes
 + Level 1.0 Summonings
 + Level 1.0 Necromancy
 + Level 1.0 Translocations
 + Level 1.0 Transmutations
 + Level 1.0 Fire Magic
 + Level 1.0 Ice Magic
 + Level 1.0 Air Magic
 + Level 1.0 Earth Magic
 + Level 1.0 Poison Magic
 + Level 1.4 Invocations
 + Level 1.3 Evocations


You had 5 spell levels left.
You didn't know any spells.
Your spell library was empty.

Dungeon Overview and Level Annotations

Branches:
Dungeon (5/15)
 Temple: D:4-7

Altars:

Annotations:
D:4 Natasha
D:5 Blork the orc


Innate Abilities, Weirdness & Mutations

You have very sharp teeth.
Your uncanny sense of smell can sniff out nearby items.
Your experience applies equally to all skills.


Message History

The scorpion stings you.
You are poisoned.
The scorpion poisons you!
You closely miss the scorpion.
The scorpion is lightly wounded.
You feel very sick.
You closely miss the scorpion.
The scorpion is lightly wounded.
You feel sick. The scorpion barely misses you.
You closely miss the scorpion.
The scorpion is lightly wounded.
You feel sick. The scorpion barely misses you.
You hit the scorpion but do no damage.
You bite the scorpion, but do no damage.
The scorpion is lightly wounded.
You feel sick. The scorpion stings you.
You barely miss the scorpion.
The scorpion is lightly wounded.
You feel sick. The scorpion stings you.
You hit the scorpion but do no damage.
The scorpion is lightly wounded.
You feel sick. The scorpion misses you.
You hit the scorpion but do no damage.
The scorpion is lightly wounded.
The scorpion stings you!
* * * LOW HITPOINT WARNING * * *
You are lethally poisoned!
The scorpion poisons you!
You hit the scorpion.
The scorpion is moderately wounded.
* * * LOW HITPOINT WARNING * * *
You feel very sick. The scorpion stings you.
* * * LOW HITPOINT WARNING * * *
You barely miss the scorpion.
The scorpion is moderately wounded.
* * * LOW HITPOINT WARNING * * *
You feel very sick. The scorpion stings you.
You die...

##.###..........####...
### ##.........# ...(
#.........###..#..
###......##.....#
#.............#.#
##............##
............#....#
............#....#
#......@.....#....#
#......s...........
...................
...............###.
...##.......##.# .##
#......## .# #..#....
... #...#


You could see a scorpion.

Vanquished Creatures
  An ice beast (D:5)
  An ufetubus (D:4)
  An orc (D:5)
  2 goblins (D:4)
  2 ball pythons (D:4)
7 creatures vanquished.

Notes
Turn   | Place    | Note
-------+----------+-------------------------------------------
     0 | D:5      | Reached skill level 9 in Stealth
     0 | D:5      | leafyfresh the Gnoll Delver began the quest for the Orb.
     0 | D:5      | Reached XP level 1. HP: 23/23 MP: 1/1
    20 | D:5      | Noticed an ice beast
    28 | D:5      | Killed an ice beast
    29 | D:5      | Reached skill level 1 in Long Blades
    29 | D:5      | Reached skill level 1 in Axes
    29 | D:5      | Reached skill level 1 in Maces & Flails
    29 | D:5      | Reached skill level 1 in Polearms
    29 | D:5      | Reached skill level 1 in Staves
    29 | D:5      | Reached skill level 1 in Ranged Weapons
    29 | D:5      | Reached skill level 1 in Throwing
    29 | D:5      | Reached skill level 1 in Armour
    29 | D:5      | Reached skill level 1 in Shields
    29 | D:5      | Reached skill level 1 in Unarmed Combat
    29 | D:5      | Reached skill level 1 in Spellcasting
    29 | D:5      | Reached skill level 1 in Conjurations
    29 | D:5      | Reached skill level 1 in Hexes
    29 | D:5      | Reached skill level 1 in Summonings
    29 | D:5      | Reached skill level 1 in Necromancy
    29 | D:5      | Reached skill level 1 in Translocations
    29 | D:5      | Reached skill level 1 in Transmutations
    29 | D:5      | Reached skill level 1 in Fire Magic
    29 | D:5      | Reached skill level 1 in Ice Magic
    29 | D:5      | Reached skill level 1 in Air Magic
    29 | D:5      | Reached skill level 1 in Earth Magic
    29 | D:5      | Reached skill level 1 in Poison Magic
    29 | D:5      | Reached skill level 1 in Invocations
    29 | D:5      | Reached skill level 1 in Evocations
    29 | D:5      | Reached XP level 2. HP: 29/29 MP: 1/3
    29 | D:5      | Reached XP level 3. HP: 35/35 MP: 1/4
    29 | D:5      | Reached XP level 4. HP: 41/41 MP: 1/5
    94 | D:5      | Noticed Blork the orc
   109 | D:4      | Noticed Natasha
   298 | D:4      | Noticed a scorpion
   318 | D:4      | Slain by a scorpion

Illustrated notes

Levels and vault maps discovered:
D:4:      layout_cave_pools, uniq_natasha
D:5:      layout_gridville, minmay_temple_entry_tees,
          amcnicky_mini_rare_corridor_liquid, water_maze_lemuel,
          uniq_blork_the_orc

Skill      XL: |  1 |
---------------+----+-----
Stealth        | |  9.6
Long Blades    | 1 |  1.3
Axes           | 1 |  1.3
Maces & Flails | 1 |  1.3
Polearms       | 1 |  1.3
Staves         | 1 |  1.3
Ranged Weapons | 1 |  1.3
Throwing       | 1 |  1.3
Armour         | 1 |  1.3
Shields        | 1 |  1.3
Unarmed Combat | 1 |  1.3
Spellcasting   | 1 |  1.3
Conjurations   | 1 |  1.0
Hexes          | 1 |  1.0
Summonings     | 1 |  1.0
Necromancy     | 1 |  1.0
Translocations | 1 |  1.0
Transmutations | 1 |  1.0
Fire Magic     | 1 |  1.0
Ice Magic      | 1 |  1.0
Air Magic      | 1 |  1.0
Earth Magic    | 1 |  1.0
Poison Magic   | 1 |  1.0
Invocations    | 1 |  1.4
Evocations     | 1 |  1.3
Fighting       | |  6.6
Short Blades   | |  4.7
Dodging        | |  4.7

Action                     |  1- 3 |  4- 6 || total
---------------------------+-------+-------++-------
  Melee: Short sword       |     2 |    37 ||    39
         Punch             |       |     1 ||     1
         Bite              |       |     1 ||     1
    Use: Scroll            |       |     1 ||     1
   Stab: Sleeping          |     2 |     1 ||     3
 Armour: Leather armour    |       |    14 ||    14
  Dodge: Dodged            |       |    33 ||    33
